 Dungeon Crawl Stone Soup version 0.24-a0-639-gb70a11d811 (webtiles) character file.

Game seed: 1563346044823187431, levelgen mode: deterministic

249 Masnef the Slasher (level 6, 0/45 HPs)
             Began as a Human Gladiator on Sept 21, 2019.
             Succumbed to a gnoll's poison
             ... on level 4 of the Dungeon.
             The game lasted 00:06:03 (2906 turns).

Masnef the Slasher (Human Gladiator)                Turns: 2906, Time: 00:06:03

Health: 0/45       AC:  8    Str: 17    XL:     6   Next: 34%
Magic:  6/6        EV: 12    Int:  8    God:
Gold:   142        SH:  0    Dex: 14    Spells: 5/5 levels left

rFire    . . .     SeeInvis .   a - +0 long sword
rCold    . . .     Gourm    .   (no shield)
rNeg     . . .     Faith    .   p - +0 ring mail
rPois    .         Spirit   .   c - +0 helmet
rElec    .         Reflect  .   q - +0 cloak
rCorr    .         Harm     .   x - +0 pair of gloves
MR       .....                  (no boots)
Stlth    +.........             (no amulet)
HPRegen  0.15/turn              (no ring)
MPRegen  0.10/turn              (no ring)

@: lethally poisoned (0 -> -6)
A: no striking features
a: no special abilities


You were on level 4 of the Dungeon.
You were not hungry.

You visited 1 branch of the dungeon, and saw 4 of its levels.

You collected 142 gold pieces.

Inventory:

Hand Weapons
 a - a +0 long sword (weapon)
Missiles
 d - 3 throwing nets (quivered)
 n - 7 javelins
Armour
 b - a +0 leather armour
 c - a +0 helmet (worn)
 p - a +0 ring mail (worn)
 q - a +0 cloak (worn)
 x - a +0 pair of gloves (worn)
Wands
 u - a wand of paralysis (8)
Scrolls
 e - 3 scrolls of immolation
 h - a scroll of noise {unknown}
 i - 4 scrolls of remove curse {unknown}
 k - a scroll of blinking {unknown}
 l - 3 scrolls of identify
 m - a scroll of amnesia {unknown}
 o - a scroll of enchant weapon {unknown}
 r - a scroll of fog {unknown}
Potions
 j - a potion of curing
 s - a potion of agility
 t - a potion of brilliance {unknown}
 v - 2 potions of mutation {unknown}
 w - a potion of lignification {unknown}
Comestibles
 f - 10 rations
 z - 2 chunks of flesh


   Skills:
 + Level 2.3 Fighting
 * Level 6.4 Long Blades
 - Level 2.0 Throwing
 + Level 3.2 Dodging


You had 5 spell levels left.
You didn't know any spells.
Your spell library was empty.

Dungeon Overview and Level Annotations

Branches:
Dungeon (4/15)
 Temple: D:4-7

Altars:
Makhleb
Xom

Shops:
D:4 [


Message History

There is an entrance to Yntuuxt's Armour Boutique here.
* * * LOW HITPOINT WARNING * * *
You feel sick. The gnoll misses you. The gnoll hits you but does no damage.
As you read the scroll labeled LUFFUXZ KOGEESS, it crumbles to dust.
You feel aware of your surroundings.
You sensed 3 altars.
It was a scroll of magic mapping.
* * * LOW HITPOINT WARNING * * *
You feel sick. The gnoll closely misses you. The gnoll barely misses you.
As you read the scroll labeled MIALAU MESS, it crumbles to dust.
The creatures around you are filled with an inner flame!
It was a scroll of immolation.
* * * LOW HITPOINT WARNING * * *
You feel sick. The gnoll barely misses you.
The gnoll hits you from afar with a +0 halberd.
* * * LOW HITPOINT WARNING * * *
The gnoll hits you but does no damage.
As you read the scroll labeled BEFOW ACKUX, it crumbles to dust.
It is a scroll of identify.
s - a potion of agility You die...

...............##..#**,,,,,,,,,,,
....####.......#...#*...,,,,,,<,,
.....# #.........####...,,,,,,,,,
####.########...........,,,,,,,,,
#..................#*,,,,,,,,,
##########.........#*,,,,,,,,,
##..##...#**,,,,,,,,,
####......#,#**.,,,,,,,,
#.....#@###.#,..,,,,,,,,
*#.###g.∩g.#.#...,,,,,,,, ##.,*
#.#g#w....#,,,,,,,,,
**#..#*##.#h#..#..#,,,>,,,,,
*****,.....#..#gs.##,##*,,,,,,,<
*,,,,,.......##.#.#*,* **,>,,,,*
**,*,,,......w...#.#*,***,,,,,,,,
,,,*,,,......g###..#*,**,,,,,,,,,
,***,,,....g..* *.##*,**,,,,,,,,,


You could see a worm (inner flame), 4 gnolls, a jackal (inner flame) and a giant
cockroach (inner flame).

Vanquished Creatures
  Crazy Yiuf (D:3)
  2 orc priests
  Terence (D:2)
  A killer bee zombie (D:2)
  2 adders
  2 worms (D:2)
  2 dart slugs
  3 leopard geckos
  5 orcs
  7 giant cockroaches
  2 goblins (D:1)
  12 hobgoblins
  10 jackals
  A quokka (D:2)
  4 bats
  2 frilled lizards
  12 kobolds
  6 rats
75 creatures vanquished.

Notes
Turn   | Place    | Note
-------+----------+-------------------------------------------
     0 | D:1      | Masnef the Human Gladiator began the quest for the Orb.
     0 | D:1      | Reached XP level 1. HP: 16/16 MP: 1/1
   144 | D:1      | Reached XP level 2. HP: 18/22 MP: 2/2
   577 | D:1      | Reached skill level 4 in Long Blades
   577 | D:1      | Reached XP level 3. HP: 26/27 MP: 3/3
   893 | D:2      | Found a shimmering altar of Xom.
   992 | D:2      | Reached XP level 4. HP: 16/33 MP: 4/4
   994 | D:2      | Reached skill level 5 in Long Blades
  1445 | D:2      | Found a burning altar of Makhleb.
  1445 | D:2      | Noticed a balrug
  1445 | D:2      | Noticed Terence
  1451 | D:2      | Killed Terence
  1451 | D:2      | Reached XP level 5. HP: 34/38 MP: 5/5
  1756 | D:3      | Found a runed translucent door.
  1757 | D:3      | Noticed Crazy Yiuf
  2461 | D:3      | Reached skill level 6 in Long Blades
  2461 | D:3      | Reached XP level 6. HP: 38/44 MP: 6/6
  2770 | D:3      | Killed Crazy Yiuf
  2855 | D:4      | Found Yntuuxt's Armour Boutique.
  2905 | D:4      | HP: 1/45 [gnoll/+0 halberd (4)]
  2906 | D:4      | Succumbed to a gnoll's poison

Levels and vault maps discovered:
D:1:      scummos_arrival_forest, layout_basic
D:2:      layout_basic, makhleb_altar_promises_db, xom_teletrap_fun,
          uniq_terence
D:3:      layout_loops_ring, uniq_crazy_yiuf_cottage
D:4:      layout_rooms, gammafunk_temple_overflow_arena, first_ration,
          serial_shops, nicolae_shop_crystal

Skill      XL: |  1  2  3  4  5 |
---------------+----------------+-----
Long Blades    | 4 5 6 |  6.4
Fighting       | |  2.3
Throwing       | |  2.0
Dodging        | |  3.2

Action                   |  1- 3 |  4- 6 || total
-------------------------+-------+-------++-------
Melee: Long sword        |   110 |   127 ||   237
  Use: Potion            |       |     2 ||     2
       Scroll            |       |     3 ||     3
  Eat: Chunk             |       |     7 ||     7
Armor: Leather armour    |    35 |    11 ||    46
       Ring mail         |       |    26 ||    26
Dodge: Dodged            |    89 |    91 ||   180
       Rpst.: Long sword |    22 |    36 ||    58

Table legend:
 A = Non-vault XP
 B = Vault XP
 C = Vault XP percentage of total XP
 D = Non-vault monster count
 E = Vault monster count
 F = Vault count percentage of total count
                 A         B        C        D         E       F
            +---------+---------+-------+---------+---------+-------
      Total |     277 |      79 |  22.2 |      73 |       2 |   2.7
            +---------+---------+-------+---------+---------+-------
        D:1 |      46 |       0 |   0.0 |      27 |       0 |   0.0
        D:2 |     131 |      38 |  22.5 |      22 |       1 |   4.3
        D:3 |      86 |      41 |  32.3 |      18 |       1 |   5.3
        D:4 |      14 |       0 |   0.0 |       6 |       0 |   0.0
            +---------+---------+-------+---------+---------+-------
